 Dungeon Crawl Stone Soup version 0.26.1-11-gd32895ea62 (webtiles) character file.

Game seed: 15145192550814146009

25671 bigdumb the Basher (level 12, 0/156 HPs)
             Began as a Demigod Fighter on June 30, 2021.
             Killed by divine providence
             ... invoked by an orc priest
             ... led by an orc warlord
              (14 damage)
             ... on level 1 of the Orcish Mines.
             The game lasted 00:33:24 (14429 turns).

bigdumb the Basher (Demigod Fighter)               Turns: 14429, Time: 00:33:24

Health: 0/156      AC: 26    Str: 27    XL:     12   Next: 55%
Magic:  15/15      EV:  2    Int: 12    God:
Gold:   944        SH: 13    Dex: 26    Spells: 11/11 levels left

rFire    + . .     SeeInvis .   y - +5 flail "Nydiacab" {flame, rC+ Dex+5}
rCold    + + .     Faith    .   c - +0 kite shield
rNeg     + + +     Spirit   .   (armour currently unavailable)
rPois    +         Reflect  .   (helmet currently unavailable)
rElec    +         Harm     .   (cloak currently unavailable)
rCorr    +         Rampage  .   (gloves currently unavailable)
Will     ++...     NoTele   +   (boots currently unavailable)
Stlth    ++........             q - amulet of regeneration
HPRegen  0.76/turn              p - +4 ring of evasion
MPRegen  0.14/turn              x - +6 ring of dexterity

@: tree-form, resistant
A: high mp 1, strong-willed 1, evolution 1
a: no special abilities


You were on level 1 of the Orcish Mines.
You were a tree.
You visited 2 branches of the dungeon, and saw 14 of its levels.

You collected 966 gold pieces.
You spent 22 gold pieces at shops.

Inventory:

Hand Weapons
 a - a +1 flail
 t - a +0 morningstar
 y - the +5 flail "Nydiacab" (weapon) {flame, rC+ Dex+5}
   (You found it on level 9 of the Dungeon)

   It has been specially enchanted to burn those struck by it, causing extra
   injury to most foes and up to half again as much damage against particularly
   susceptible opponents.
   It affects your dexterity (+5).
   It protects you from cold.
 N - a +1 flail of holy wrath
Armour
 c - a +0 kite shield (worn)
 d - a +1 cloak (melded)
 m - a +0 plate armour (melded)
 z - a +2 helmet (melded)
 D - a +0 buckler
 M - a +1 pair of boots (melded)
Jewellery
 p - a +4 ring of evasion (left branch)
 q - an amulet of regeneration (around neck)
 s - an uncursed ring of protection from cold
 x - a +6 ring of dexterity (right branch)
 G - an uncursed ring of resist corrosion
 I - an uncursed ring of flight
 P - an uncursed amulet of the acrobat {unknown}
Wands
 f - a wand of random effects (41)
 l - a wand of digging (6)
 F - a wand of iceblast (4)
 J - a wand of polymorph (8)
 K - a wand of paralysis (9)
Scrolls
 b - 4 scrolls of remove curse
 g - 5 scrolls of fear
 i - 5 scrolls of identify
 j - 2 scrolls of blinking
 n - 2 scrolls of enchant weapon
 u - 2 scrolls of teleportation
 v - a scroll of enchant armour {unknown}
 A - a scroll of brand weapon {unknown}
 C - 2 scrolls of amnesia
Potions
 e - 2 potions of resistance
 h - a potion of curing
 k - 5 potions of attraction
 o - a potion of brilliance
 r - a potion of mutation
 w - a potion of flight
 H - a potion of magic
Miscellaneous
 L - a phantom mirror (inert)


   Skills:
 - Level 9.2 Fighting
 - Level 12.3 Maces & Flails
 + Level 8.6 Armour
 * Level 8.3 Dodging
 + Level 7.5 Shields


You had 11 spell levels left.
You didn't know any spells.
Your spell library contained the following spells:

 Spells                   Type           Power        Failure   Level
 Corona                   Hex            0%           65%         1
 Magic Dart               Conj           0%           65%         1
 Sandblast                Erth           0%           65%         1
 Sting                    Tmut/Pois      0%           65%         1
 Summon Small Mammal      Summ           0%           65%         1
 Blink                    Tloc           N/A          78%         2
 Call Imp                 Summ           0%           78%         2
 Ensorcelled Hibernation  Hex/Ice        0%           78%         2
 Passwall                 Tmut/Erth      0%           78%         2
 Poisonous Vapours        Pois/Air       0%           78%         2
 Slow                     Hex            0%           78%         2
 Call Canine Familiar     Summ           0%           95%         3
 Confusing Touch          Hex            0%           95%         3
 Conjure Flame            Conj/Fire      0%           95%         3
 Dazzling Flash           Conj/Hex       0%           95%         3
 Ignite Poison            Fire/Tmut/Pois 0%           95%         3
 Mephitic Cloud           Conj/Pois/Air  0%           95%         3
 Stone Arrow              Conj/Erth      0%           95%         3
 Summon Guardian Golem    Hex/Summ       0%           95%         3
 Tukima's Dance           Hex            0%           95%         3
 Animate Dead             Necr           0%           100%        4
 Olgreb's Toxic Radiance  Pois           0%           100%        4
 Petrify                  Tmut/Erth      0%           100%        4
 Summon Ice Beast         Ice/Summ       0%           100%        4
 Summon Lightning Spire   Summ/Air       0%           100%        4
 Borgnjor's Vile Clutch   Necr/Erth      0%           100%        5
 Lee's Rapid Deconstruct  Erth           0%           100%        5
 Death Channel            Necr           0%           100%        6
 Simulacrum               Ice/Necr       0%           100%        6


Dungeon Overview and Level Annotations

Branches:
Dungeon (13/15)            Temple (0/1) D:5            Lair (0/6) D:9
    Orc (1/2) D:12         Vaults (0/5) D:13

Shops:
D:10 [?}?   D:11 :

Annotations:
D:9 2 transporters, oc3rt's ghost, novice KoHu
D:10 3 runed translucent doors, SpoonFarmer's ghost, journeyman HuCj


Innate Abilities, Weirdness & Mutations

You have an increased reservoir of magic. (+10% MP)
((You have sharp toenails.))
You are strong-willed. (Will+)
You evolve.


Message History

The orc priest begins to cast a cantrip, but forgets the words!
The orc wizard casts a spell at you.
The magic dart hits you but does no damage.
You bludgeon the orc wizard!! You burn the orc wizard.
You kill the orc wizard!
Your orc wizard no longer looks unusually strong.
The orc warrior hits you from afar with a +2 trident of freezing.
* * * LOW HITPOINT WARNING * * *
An orc comes into view. It is wielding a +0 whip.
The orc warrior hits you from afar with a +0 halberd!!
* * * LOW HITPOINT WARNING * * *
You feel protected.
The orc priest no longer looks unusually strong.
Your orc wizard gestures at the orc warrior while chanting.
The magic dart hits the orc warrior!
The orc warlord roars a battlecry!
The orc priest goes into a battle-frenzy!
The orc priest calls down the wrath of Beogh upon you.
Beogh smites you!
You die...

#................[#.[.......
##...#.#....................
##...###....#...)).o.......
##.###.#......o.....
##.#.♣o.#.#......o....
###.............o..##
##.................
#..................
##...#.............
####...##.........
##.###.....###. ### #.....#
## #......#


You could see an orc warlord, 6 orc warriors, 2 orc priests, an orc (strong) and
a friendly orc wizard (summoned, fast, drained).

Vanquished Creatures
  Rupert (D:12)
  Josephine (D:11)
  Erolcha (D:12)
  A hydra (D:12)
  A vault guard (D:13)
  An ogre mage (Orc:1)
  5 two-headed ogres
  3 unseen horrors
  A deep elf mage (D:13)
  An ugly thing (D:13)
  Maurice (D:11)
  2 cyclopes
  2 centaur zombies (D:10)
  2 gargoyles
  A komodo dragon (D:13)
  5 trolls
  A vampire (D:10)
  3 yaks (D:9)
  2 wyverns
  7 wraiths
  3 wargs
  2 acid dragons
  A hornet zombie (D:7)
  3 sky beasts
  2 eyes of draining
  2 ice beasts
  6 black bears
  13 orc warriors
  12 ogres
  7 phantoms
  7 centaurs
  A big kobold (D:10)
  13 bullfrogs
  8 scorpions
  A water moccasin skeleton (D:8)
  A wyvern skeleton (D:13)
  3 wights (D:10)
  2 howler monkeys
  3 quasits
  A bullfrog zombie (D:13)
  10 hounds
  A jelly (D:12)
  Crazy Yiuf (D:2)
  19 orc wizards
  2 centaur skeletons
  18 orc priests
  8 worker ants
  4 iguanas
  A hound zombie (D:5)
  A hound skeleton (D:6)
  8 adders
  7 gnolls
  A shadow imp (D:10)
  4 white imps
  An ufetubus (D:9)
  An ooze (D:3)
  An adder zombie (D:7)
  3 adder skeletons
  2 dart slugs
  3 worms
  A leopard gecko (D:6)
  60 orcs
  9 giant cockroaches
  2 gnoll zombies (D:2)
  11 goblins
  9 hobgoblins
  2 jackals (D:9)
  6 quokkas
  3 ball pythons
  8 bats
  5 frilled lizards
  8 kobolds
  A leopard gecko skeleton (D:7)
  2 quokka zombies
  8 rats
364 creatures vanquished.

Vanquished Creatures (others)
  An orc (D:10)
  10 fungi (D:9)
  9 plants (D:9)
20 creatures vanquished.

Grand Total: 384 creatures vanquished

Notes
Turn   | Place    | Note
-------+----------+-------------------------------------------
     0 | D:1      | bigdumb the Demigod Fighter began the quest for the Orb.
     0 | D:1      | Reached XP level 1. HP: 18/18 MP: 3/3
   178 | D:1      | Reached XP level 2. HP: 21/25 MP: 4/4
   621 | D:1      | Reached skill level 2 in Maces & Flails
   768 | D:2      | Noticed a scorpion
   779 | D:2      | Killed a scorpion
   780 | D:2      | Reached XP level 3. HP: 30/31 MP: 5/5
   780 | D:2      | Reached XP level 4. HP: 36/38 MP: 6/6
   891 | D:2      | Found a runed translucent door.
   892 | D:2      | Noticed Crazy Yiuf
  1067 | D:2      | Found a basalt altar of Yredelemnul.
  1210 | D:2      | Found a faded altar of an unknown god.
  1210 | D:2      | Found a snail-covered altar of Cheibriados.
  1218 | D:2      | Found an iron altar of Okawaru.
  1220 | D:2      | Found a stormy altar of Qazlal.
  1222 | D:2      | Found a faded altar of an unknown god.
  1279 | D:2      | Noticed a phantom
  1309 | D:2      | Killed a phantom
  1310 | D:2      | Reached skill level 3 in Maces & Flails
  1310 | D:2      | Reached XP level 5. HP: 36/45 MP: 7/7
  1591 | D:2      | Killed Crazy Yiuf
  2027 | D:3      | Found a faded altar of an unknown god.
  2178 | D:3      | Reached skill level 4 in Maces & Flails
  2317 | D:3      | Found a blossoming altar of Fedhas.
  2330 | D:3      | Found a shimmering blue altar of Sif Muna.
  2664 | D:4      | Reached XP level 6. HP: 48/51 MP: 8/8
  3337 | D:5      | Entered Level 5 of the Dungeon
  3390 | D:5      | Reached skill level 5 in Maces & Flails
  3570 | D:5      | Found a staircase to the Ecumenical Temple.
  3730 | D:5      | Reached XP level 7. HP: 57/57 MP: 9/9
  4200 | D:6      | Reached skill level 6 in Maces & Flails
  4533 | D:6      | Reached skill level 7 in Maces & Flails
  4533 | D:6      | Reached skill level 5 in Armour
  4576 | D:6      | Reached XP level 8. HP: 23/63 MP: 10/10
  5074 | D:6      | Found an opulent altar of Gozag.
  5076 | D:6      | Found a stormy altar of Qazlal.
  5076 | D:6      | Found an iron altar of Okawaru.
  5078 | D:6      | Found a hide-covered altar of Uskayaw.
  5078 | D:6      | Found a shimmering altar of Xom.
  5078 | D:6      | Found an opulent altar of Gozag.
  5229 | D:7      | Reached skill level 8 in Maces & Flails
  5620 | D:7      | Noticed a gargoyle
  5635 | D:7      | Killed a gargoyle
  5636 | D:7      | Reached skill level 9 in Maces & Flails
  5727 | D:7      | Found an ancient bone altar of Kikubaaqudgha.
  5826 | D:8      | Reached XP level 9. HP: 33/70 MP: 11/11
  6575 | D:8      | You fall into a shaft and drop 3 floors!
  6575 | D:11     | Noticed Maurice
  6584 | D:10     | Entered Level 10 of the Dungeon
  6616 | D:10     | Found Zetia's Magic Scroll Boutique.
  6656 | D:10     | Reached skill level 10 in Maces & Flails
  6817 | D:9      | Found a transporter.
  6818 | D:9      | Noticed a komodo dragon
  6818 | D:9      | Noticed a moth of wrath
  6820 | D:9      | Noticed a six-headed hydra
  6844 | D:9      | Noticed a cyclops
  6852 | D:9      | Noticed a two-headed ogre
  6869 | D:9      | Killed a two-headed ogre
  6870 | D:9      | Reached skill level 5 in Shields
  7039 | D:9      | Got a glimmering flail
  7040 | D:9      | Identified the +5 flail "Nydiacab" {flame, rC+ Dex+5} (You
                  | found it on level 9 of the Dungeon)
  7125 | D:9      | Noticed oc3rt's ghost (novice KoHu)
  7158 | D:9      | Reached XP level 10. HP: 58/80 MP: 13/13
  7364 | D:9      | Killed a cyclops
  7480 | D:9      | Found a sacrificial altar of Ru.
  7522 | D:9      | Reached skill level 5 in Fighting
  7615 | D:9      | Found a staircase to the Lair.
  7669 | D:9      | Found a transporter.
  8254 | D:10     | Found Fepnuizo's Antique Armour Emporium.
  8343 | D:10     | Found a runed translucent gate.
  8343 | D:10     | Found a runed translucent gate.
  8343 | D:10     | Found a runed translucent gate.
  8375 | D:10     | Noticed SpoonFarmer's ghost (journeyman HuCj)
  8506 | D:10     | Found Byfe's Magic Scroll Emporium.
  8518 | D:10     | Bought a scroll of identify for 22 gold pieces
  8576 | D:10     | Found Leogilik's Gadget Boutique.
  8894 | D:11     | Killed Maurice
  9015 | D:11     | Found Jinepanai's Book Shoppe.
  9188 | D:11     | Noticed a cyclops
  9197 | D:11     | Killed a cyclops
  9198 | D:11     | Reached skill level 11 in Maces & Flails
  9378 | D:11     | Noticed a boulder beetle
  9566 | D:11     | Gained mutation: You evolve. [potion of mutation]
  9566 | D:11     | Gained mutation: You have sharp toenails. [potion of
                  | mutation]
  9798 | D:12     | Found a staircase to the Orcish Mines.
  9813 | D:12     | Killed an unseen horror
  9814 | D:12     | Reached XP level 11. HP: 66/95 MP: 14/14
  9833 | D:12     | Noticed an eight-headed hydra
 10120 | D:12     | Killed an unseen horror
 10139 | D:12     | Killed an eight-headed hydra
 10271 | D:12     | Noticed Josephine
 10274 | D:12     | Noticed Erolcha
 10303 | D:11     | Killed Josephine
 10514 | D:11     | Reached skill level 1 in Dodging
 10802 | D:12     | Killed Erolcha
 11230 | D:12     | Noticed Rupert
 11245 | D:12     | Killed Rupert
 11246 | D:12     | Reached skill level 12 in Maces & Flails
 11827 | D:13     | Noticed a two-headed ogre
 11853 | D:12     | Killed a two-headed ogre
 11910 | D:13     | Reached XP level 12. HP: 93/104 MP: 15/15
 12035 | D:13     | Reached skill level 5 in Dodging
 12331 | D:13     | Noticed a vault guard
 12331 | D:13     | Noticed a vault guard
 12331 | D:13     | Noticed a vault guard
 12331 | D:13     | Noticed a vault guard
 12789 | D:13     | Killed a vault guard
 13074 | D:13     | Found a gate to the Vaults.
 13260 | Orc:1    | Entered Level 1 of the Orcish Mines
 13260 | Orc:1    | Noticed an ogre mage
 13872 | Orc:1    | Killed an ogre mage
 14084 | Orc:1    | Gained mutation: You are strong-willed. (Will+) [evolution]
 14374 | Orc:1    | Noticed an orc warlord
 14429 | Orc:1    | Killed from afar by an orc priest

Illustrated notes

Levels and vault maps discovered:
D:1:      dpeg_arrival_houses_and_road, layout_rooms,
          chequers_serial_rivers_room_a
D:2:      layout_basic, lemuel_zombie_altar_yredelemnul,
          chequers_temple_overflow_minitemple, uniq_crazy_yiuf_cottage
D:3:      layout_loops_ring, amethyst_overflow_temple_binary,
          chequers_ecumenical_altar_simple_redux, serial_rivers,
          chequers_serial_rivers_micro_a, chequers_serial_rivers_small_3,
          chequers_serial_rivers_large_a, chequers_serial_rivers_micro_c,
          chequers_serial_rivers_small_b, chequers_serial_rivers_small_3,
          st_stairs_14
D:4:      layout_cave_pods
D:5:      layout_basic, temple_green
D:6:      layout_loops_ring, doesnt_xom_only_xom
D:7:      layout_loops_cross, kiku_gazebo_pond_becter, st_stairs_3
D:8:      layout_loops_ring, dk_noncrumbling_4
D:9:      layout_cave_pods, grunt_lair_entry_orc_guard_hut,
          gammafunk_ghost_berserking_beasts, nicolae_ru_awakened_eye
D:10:     layout_long_grid, serial_shops, shop, shop, shop, shop,
          gammafunk_ghost_necromancy
D:11:     layout_loops_ring, serial_shops, shop, nzn_sisyphean_effort,
          uniq_maurice
D:12:     layout_roguey, erik_orc_3, uniq_josephine, uniq_erolcha, uniq_rupert
D:13:     layout_layer_cave, lightli_vaults_fourway_checkpoint,
          chequers_serial_rivers_micro_e
Orc:1:    layout_caves

Skill      XL: |  1  2  3  4  5  6  7  8  9 10 11 12 |
---------------+-------------------------------------+-----
Shields        | 3 4 5 7 |  7.5
Maces & Flails | 2 3 4 5 7 9 10 11 12 | 12.3
Fighting       | 3 4 8 9 |  9.2
Armour         | 3 4 5 6 7 8 |  8.6
Dodging        | 3 8 |  8.3

Action                   |  1- 3 |  4- 6 |  7- 9 | 10-12 || total
-------------------------+-------+-------+-------+-------++-------
Melee: Flail             |    93 |   178 |    28 |   667 ||   966
       Morningstar       |       |    42 |   473 |       ||   515
Evoke: Phantom mirror    |       |       |       |     1 ||     1
  Use: Potion            |       |     7 |     5 |     8 ||    20
       Scroll            |       |     6 |     3 |    13 ||    22
 Stab: Invisible         |       |       |     1 |       ||     1
Armor: Chain mail        |    56 |       |       |       ||    56
       Scale mail        |     6 |       |       |       ||     6
       Plate armour      |       |   136 |   332 |   302 ||   770
       Skin              |       |       |       |     2 ||     2
Dodge: Dodged            |    28 |    40 |   204 |   299 ||   571
Block: Kite shield       |    56 |   128 |   303 |   186 ||   673
       Buckler           |       |       |       |   124 ||   124
